 Dungeon Crawl Stone Soup version 0.30-a0-1163-gf69bf04e7a (webtiles) character file.

Game seed: 12316985140829239458

4613 Arzdou the Nimble (level 10, -6/103 HPs)
             Began as a Troll Chaos Knight on Apr 28, 2023.
             Was a Plaything of Xom.
             Mangled by a two-headed ogre
             ... wielding a +0 giant spiked club
              (12 damage)
             ... on level 9 of the Dungeon.
             The game lasted 00:14:44 (7737 turns).

Arzdou the Nimble (Troll Chaos Knight)              Turns: 7737, Time: 00:14:46

Health: -6/103     AC:  8    Str: 25    XL:     10   Next: 19%
Magic:  9/9        EV: 13    Int: 11    God:    Xom [.*....]
Gold:   822        SH:  0    Dex: 11    Spells: 9/9 levels left

rFire   . .          .
                       - Unarmed
rCold   . . .        (no shield)
rNeg    + . .        a - +2 robe
rPois   .            (helmet restricted)
rElec   .            C - +1 cloak
rCorr   .            (gloves unavailable)
SInv    +            (boots unavailable)
Will    .....        (no amulet)
Stlth   +            g - ring of positive energy
HPRegen 1.17/turn    m - ring of see invisible
MPRegen 0.11/turn

%: no passive effects
@: lethally poisoned (-6 -> -7), slowed, studying Evocations, very slow
A: large, unfitting armour, claws 3, regeneration 1, shaggy fur 1, tough skin 1,
hooves 1, horns 1, clever 1, robust 1, strong 1
a: Renounce Religion


You were on level 9 of the Dungeon.
You worshipped Xom.
You were a plaything of Xom.
You visited 1 branch of the dungeon, and saw 9 of its levels.
You also visited: Ossuary.

You collected 822 gold pieces.

Inventory:

Armour
 a - a +2 robe (worn)
 C - a +1 cloak (worn)
Jewellery
 d - the ring "Koma" {rElec rF- rN+ Str+6}
   (Xom gifted it to you on level 7 of the Dungeon)

   [ring of strength]

   Str:       It affects your strength (+6).
   rF:        It makes you vulnerable to fire.
   rElec:     It insulates you from electricity.
   rN:        It protects you from negative energy.
 g - a ring of positive energy (left claw)
 m - a ring of see invisible (right claw)
Wands
 o - a wand of roots (2)
Scrolls
 c - 2 scrolls of poison
 f - 2 scrolls of magic mapping
 h - a scroll of noise
 j - a scroll of fear {unknown}
 l - 3 scrolls of fog
 p - 2 scrolls of identify
 q - 2 scrolls of vulnerability
 s - 2 scrolls of brand weapon
 t - 8 scrolls of teleportation
Potions
 e - 2 potions of mutation
 i - 3 potions of haste
 k - 5 potions of heal wounds
 n - 8 potions of curing
 r - 3 potions of degeneration {unknown}
 u - 2 potions of ambrosia {unknown}
 v - 2 potions of might {unknown}
 w - 4 potions of cancellation
 x - a potion of experience {unknown}
 z - a potion of berserk rage {unknown}
 A - 3 potions of attraction
 B - 2 potions of flight
 E - a potion of lignification {unknown}
 F - a potion of brilliance {unknown}
Miscellaneous
 b - a piece from Xom's chessboard (15/15) (quivered)
 y - a lightning rod (4/4)
 D - a phantom mirror


   Skills:
 + Level 4.3 Fighting
 + Level 9.5 Dodging
 * Level 9.2 Unarmed Combat
 * Level 2.9 Evocations


You had 9 spell levels left.
You didn't know any spells.
Your spell library contained the following spells:

 Spells                   Type           Power      Damage    Failure   Level
 Kiss of Death            Conj/Necr      0%         2d5       34%         1
 Magic Dart               Conj           0%         1d3       34%         1
 Sting                    Tmut/Pois      0%         1d3       34%         1
 Blink                    Tloc           0%         N/A       47%         2
 Lesser Beckoning         Tloc           0%         N/A       47%         2
 Momentum Strike          Conj/Tloc      0%         3d8       47%         2
 Poisonous Vapours        Pois/Air       0%         N/A       47%         2
 Searing Ray              Conj           0%         2d4       47%         2
 Sublimation of Blood     Necr           0%         N/A       47%         2
 Wereblood                Tmut           0%         N/A       47%         2
 Call Canine Familiar     Summ           0%         N/A       71%         3
 Confusing Touch          Hex            0%         N/A       71%         3
 Dazzling Flash           Conj/Hex       0%         N/A       71%         3
 Portal Projectile        Hex/Tloc       0%         N/A       71%         3
 Dispel Undead            Necr           0%         3d6       98%         4
 Fulminant Prism          Conj/Hex       0%         3d5       98%         4
 Leda's Liquefaction      Hex/Erth       0%         N/A       98%         4
 Olgreb's Toxic Radiance  Pois           0%         N/A       98%         4
 Summon Lightning Spire   Summ/Air       0%         N/A       98%         4
 Agony                    Necr           0%         N/A       100%        5
 Silence                  Hex/Air        0%         N/A       100%        5
 Storm Form               Tmut/Air       0%         N/A       100%        7
 Summon Hydra             Summ           0%         N/A       100%        7
 Maxwell's Capacitive Co  Air            0%         ∞         100%        8


Dungeon Overview and Level Annotations

Branches:
Dungeon (9/15)             Temple (0/1) D:5            Lair (0/5) D:9
Ossuary (visited)
    Orc: D:9-12

Altars:
Ashenzari
Elyvilon
Fedhas
Hepliaklqana
Makhleb
Nemelex Xobeh
Qazlal
Uskayaw
Wu Jian
Xom
Yredelemnul

Shops:
D:1 =

Annotations:
D:8 1 runed translucent door, 2 transporters, qborf's ghost, novice MiFi


Innate Abilities, Weirdness & Mutations

You are too large for most types of armour.
You have claws for hands.
Your natural rate of healing is unusually fast.
You are covered in fur. (AC +1)
You have tough skin. (AC +1)
You have large cloven feet.
You have a pair of small horns on your head.
Your mind is acute. (Int +4, Str/Dex -1)
You are robust. (+10% HP)
Your muscles are strong. (Str +4, Int/Dex -1)


Message History

You feel yourself speed up. The hornet misses you.
The hornet stings you but does no damage.
You closely miss the hornet. Your kick misses the hornet.
The hornet is lightly wounded.
The hornet completely misses you.
The two-headed ogre hits you with a +0 giant spiked club!!
The two-headed ogre misses you.
You miss the hornet. Your kick misses the hornet.
Your headbutt misses the hornet.
The hornet is lightly wounded.
The hornet stings you.
You feel yourself slow down.
The hornet stings you but does no damage.
You completely miss the hornet.
The hornet is lightly wounded.
The hornet stings you!
You feel as though you will be slow longer.
The two-headed ogre barely misses you. x2; The hornet stings you!
You feel as though you will be slow longer.
You closely miss the hornet.
The hornet is lightly wounded.
The hornet misses you.
The two-headed ogre hits you with a +0 giant spiked club!
The two-headed ogre barely misses you. The hornet stings you!
* * * LOW HITPOINT WARNING * * *
You feel as though you will be slow longer.
Okay, then.
Okay, then.
The hornet stings you!
* * * LOW HITPOINT WARNING * * *
You are poisoned.
You feel as though you will be slow longer.
You feel very sick. The hornet stings you!
* * * LOW HITPOINT WARNING * * *
Xom is interested.
You feel as though you will be slow longer.
The two-headed ogre hits you with a +0 giant spiked club!
You die...
Xom roars with laughter!

#.######'#......#..# #
...########..##########
................>......
.......................
.......................
......................
###..................
#..................
#.@###########.....
#Oy+ #..... #..# #.....
#..# #..+ ...# .>..#
...... .......


You could see a two-headed ogre and a hornet.

Vanquished Creatures
  A two-headed ogre (D:9)
  Sigmund (D:2)
  A shadow (D:9)
  A yak (D:9)
  A water moccasin (D:9)
  2 black bears (D:9)
  2 orc warriors
  2 sky beasts (D:7)
  2 ogres
  A centaur (D:6)
  A phantom (D:4)
  Blork the orc (D:6)
  A kobold brigand (D:9)
  4 bullfrogs
  6 scorpions
  A wight (D:9)
  4 killer bees (D:7)
  2 howler monkeys
  4 hounds
  2 jellies
  Crazy Yiuf (D:6)
  8 orc priests
  2 sleepcaps (D:5)
  Jessica (D:3)
  Ijyb (D:3)
  11 orc wizards
  6 iguanas
  Terence (D:2)
  3 mummies (Ossuary)
  12 gnolls
  12 adders
  4 white imps
  An ufetubus (D:6)
  2 adder zombies (Ossuary)
  2 worms
  3 dart slugs
  46 orcs
  3 endoplasms
  10 giant cockroaches
  A gnoll zombie (Ossuary)
  10 goblins
  6 hobgoblins
  12 jackals
  13 kobolds
  3 quokkas
  5 ball pythons
  5 bats
  3 frilled lizards
  A goblin zombie (Ossuary)
  3 hobgoblin zombies (Ossuary)
  A kobold skeleton (D:8)
  3 kobold zombies (Ossuary)
  An orc zombie (Ossuary)
  2 quokka zombies (Ossuary)
  5 rats
  5 rat zombies (Ossuary)
248 creatures vanquished.

Vanquished Creatures (others)
  An orc wizard (D:3)
  A quokka (D:3)
  A frilled lizard (D:3)
  28 fungi (D:9)
  39 plants
70 creatures vanquished.

Grand Total: 318 creatures vanquished

Notes
Turn   | Place    | Note
-------+----------+-------------------------------------------
     0 | D:1      | Arzdou the Troll Chaos Knight began the quest for the Orb.
     0 | D:1      | Reached XP level 1. HP: 22/22 MP: 0/0
     0 | D:1      | XOM: silly message
   155 | D:1      | XOM: divination: detect creatures
   157 | D:1      | Reached XP level 2. HP: 29/29 MP: 1/1
   183 | D:1      | Found a transporter.
   186 | D:1      | Found Kuam's Jewellery Boutique.
   291 | D:1      | XOM: divination: detect items
   642 | D:1      | Found a transporter.
  1045 | D:2      | XOM: god gift: 28 gold pieces
  1051 | D:2      | Noticed Terence
  1072 | D:2      | Killed Terence
  1073 | D:2      | Reached XP level 3. HP: 24/37 MP: 2/2
  1150 | D:2      | Noticed Sigmund
  1185 | D:2      | XOM: smoke on damage
  1189 | D:2      | XOM: enchant monster (bad)
  1190 | D:2      | HP: 1/37 [something (6)]
  1191 | D:2      | Killed Sigmund
  1192 | D:2      | Reached skill level 5 in Unarmed Combat
  1192 | D:2      | Reached XP level 4. HP: 2/45 MP: 3/3
  1192 | D:2      | Reached XP level 5. HP: 3/53 MP: 4/4
  1257 | D:2      | Found a broken altar of Ashenzari.
  1765 | D:3      | Found a white marble altar of Elyvilon.
  1796 | D:3      | Noticed Ijyb
  1806 | D:3      | Killed Ijyb
  1807 | D:3      | Reached XP level 6. HP: 46/61 MP: 5/5
  1988 | D:3      | Found a sparkling altar of Nemelex Xobeh.
  2083 | D:3      | Noticed Jessica
  2088 | D:3      | XOM: noise
  2094 | D:3      | Killed Jessica
  2107 | D:3      | XOM: 6-stop teleportation journey
  2329 | D:3      | Found a blossoming altar of Fedhas.
  2381 | D:3      | XOM is BORED!
  2381 | D:3      | XOM: summons 2 hostile demons
  2382 | D:3      | Noticed a hellwing
  2481 | D:3      | Found a hazy altar of Hepliaklqana.
  2583 | D:4      | Reached XP level 7. HP: 67/70 MP: 6/6
  2617 | D:4      | XOM: smoke on damage
  2883 | D:4      | Found a sand-covered staircase.
  2891 | Ossuary  | Entered an ossuary
  2933 | Ossuary  | XOM: torment (36/70 hp)
  3028 | Ossuary  | XOM: 7-stop teleportation journey
  3147 | D:4      | XOM: fog
  3288 | D:4      | XOM: 2-stop teleportation journey
  3445 | D:4      | Reached skill level 5 in Dodging
  3449 | D:4      | XOM: give mutations
  3449 | D:4      | Gained mutation: Your muscles are strong. (Str +4, Int/Dex
                  | -1) [Xom's mischief]
  3449 | D:4      | Gained mutation: You have a pair of small horns on your
                  | head. [Xom's mischief]
  3449 | D:4      | Gained mutation: You have large cloven feet. [Xom's
                  | mischief]
  3449 | D:4      | Gained mutation: You are robust. (+10% HP) [Xom's mischief]
  3723 | D:5      | Entered Level 5 of the Dungeon
  3772 | D:5      | Reached XP level 8. HP: 71/85 MP: 7/7
  4086 | D:5      | Found an ornate altar of the Wu Jian Council.
  4203 | D:5      | Found a staircase to the Ecumenical Temple.
  4305 | D:5      | Found a hide-covered altar of Uskayaw.
  4311 | D:5      | XOM: summons 2 hostile shadow creatures
  4618 | D:6      | XOM: polymorph orc wizard -> howler monkey
  4639 | D:6      | XOM: silly message
  4709 | D:6      | XOM: polymorph adder -> centaur
  4746 | D:6      | Found a runed translucent door.
  4747 | D:6      | Noticed Crazy Yiuf
  4780 | D:6      | XOM: smoke on damage
  4786 | D:6      | XOM: smoke on damage
  4885 | D:6      | Killed Crazy Yiuf
  5009 | D:6      | XOM: god gift: phantom mirror
  5045 | D:6      | Noticed Blork the orc
  5053 | D:6      | Killed Blork the orc
  5054 | D:6      | Reached XP level 9. HP: 50/92 MP: 8/8
  5058 | D:6      | XOM: smoke on damage
  5205 | D:6      | XOM: give mutation
  5205 | D:6      | Gained mutation: Your mind is acute. (Int +4, Str/Dex -1)
                  | [Xom's grace]
  5290 | D:6      | XOM: scenery: create altars
  5327 | D:6      | XOM: scenery: create altars
  5510 | D:7      | XOM is BORED!
  5570 | D:7      | XOM: 6-stop teleportation journey
  5665 | D:7      | Identified the +6 hand axe "Soxkepp" {freeze, rElec Will+
                  | Str-3 Dex+4}
  5676 | D:7      | Found a burning altar of Makhleb.
  5729 | D:7      | XOM: god gift: scroll labelled EBUUNI MIGUHOAXT {god gift}
  5731 | D:7      | Identified a scroll of acquirement
  5731 | D:7      | Acquired a manual of Evocations
  5987 | D:7      | XOM: polymorph gnoll bouda -> sky beast
  6057 | D:7      | XOM: noise
  6278 | D:7      | Identified the ring "Koma" {rElec rF- rN+ Str+6} (Xom
                  | gifted it to you on level 7 of the Dungeon)
  6278 | D:7      | XOM: god gift: ring "Koma" {rElec rF- rN+ Str+6}
  6375 | D:7      | XOM is BORED!
  6375 | D:7      | XOM: silly message
  6797 | D:8      | XOM: 1-stop teleportation journey
  6811 | D:8      | Found a runed translucent door.
  6816 | D:8      | Found a basalt altar of Yredelemnul.
  6853 | D:8      | Found a shimmering altar of Xom.
  6853 | D:8      | XOM: 8-stop teleportation journey
  6940 | D:8      | Reached skill level 1 in Evocations
  7106 | D:8      | Found a stormy altar of Qazlal.
  7239 | D:8      | Identified the +7 great mace of the Last Xenops {flame,
                  | rPois rC++ Str+3 Int-5}
  7239 | D:8      | Noticed qborf's ghost (novice MiFi)
  7240 | D:8      | Found a transporter.
  7277 | D:8      | Found a transporter.
  7456 | D:9      | XOM: silly message
  7573 | D:9      | Found a staircase to the Lair.
  7574 | D:9      | Noticed a two-headed ogre
  7584 | D:9      | Killed a two-headed ogre
  7585 | D:9      | Reached XP level 10. HP: 58/103 MP: 9/9
  7726 | D:9      | XOM: enchant monster (good)
  7727 | D:9      | Noticed a two-headed ogre
  7737 | D:9      | Mangled by a two-headed ogre

Illustrated notes

Levels and vault maps discovered:
D:1:      tarquinn_simple_flora_water_d, layout_basic, serial_shops,
          nicolae_shop_drivethru
D:2:      layout_loops_ring, basic_altar, kennysheep_flooded_box, uniq_terence,
          uniq_sigmund
D:3:      layout_basic, nemelex_dance_club_becter,
          mainiacjoe_overflow_tiny_flanked, fedhas_altar_4, elyvilon_altar_4,
          st_stairs_10, uniq_jessica, uniq_ijyb
D:4:      minmay_polygon_palace, layout_basic, nicolae_ossuary_entry_monument,
          kennysheep_another_room, minmay_circle_x
D:5:      layout_loops_cross, nicolae_uskayaw_suspiria,
          nzn_wu_jian_council_hall, minmay_temple_entry_offerings, st_stairs_12,
          nicolae_figureground_sparkle
D:6:      layout_basic, hangedman_abyss_or_decor_passed,
          uniq_crazy_yiuf_cottage, uniq_blork_the_orc
D:7:      layout_layer_cave, mainiacjoe_overflow_paths
D:8:      layout_loops_ring, xom_teletrap_fun,
          mainiacjoe_overflow_six_doors_small, dk_yredelemnul_ordeal,
          gammafunk_ghost_smash
D:9:      layout_irregular_city, due_lair_maze_entry_diamond

Skill      XL: |  1  2  3  4  5  6  7  8  9 |
---------------+----------------------------+-----
Dodging        | 2 5 8 9 |  9.5
Fighting       | 3 4 |  4.3
Unarmed Combat | 5 6 9 |  9.2
Evocations     | 2 |  2.9

Action                     |  1- 3 |  4- 6 |  7- 9 | 10-12 || total
---------------------------+-------+-------+-------+-------++-------
  Melee: Unarmed           |    82 |   130 |   440 |    18 ||   670
         Punch             |     2 |     1 |    12 |     2 ||    17
         Kick              |       |       |    58 |     4 ||    62
         Headbutt          |       |       |    47 |     2 ||    49
    Use: Potion            |     1 |     1 |       |       ||     2
         Scroll            |       |     1 |    17 |       ||    18
   Stab: Sleeping          |       |       |     1 |       ||     1
 Armour: Robe              |    34 |    36 |   138 |     2 ||   210
  Dodge: Dodged            |    29 |    51 |   247 |    11 ||   338

Table legend: (Time is in decaauts)
 A = Elapsed time spent in this place.
 B = Non-inter-level travel time spent in this place.
 C = Inter-level travel time spent in this place.
 D = Time resting spent in this place.
 E = Time spent auto-exploring this place.
 F = Levels seen in this place.
 G = Mean time per level.
                   A        B        C        D        E       F      G
               +--------+--------+--------+--------+--------+-----+--------+
         Total |   7666 |   7300 |    366 |    103 |   5829 |  10 |  766.6 |
       Dungeon |   7458 |   7092 |    366 |     45 |   5757 |   9 |  828.7 |
       Ossuary |    208 |    208 |      0 |     58 |     72 |   1 |  208.0 |
               +--------+--------+--------+--------+--------+-----+--------+

Top non-repeatable levels by time:
     D:7: 1343 daAuts
     D:1: 1028 daAuts
     D:4: 959 daAuts
     D:5: 852 daAuts
     D:6: 836 daAuts
     D:3: 781 daAuts
     D:2: 708 daAuts
     D:8: 583 daAuts
     D:9: 363 daAuts
 Ossuary: 208 daAuts
